 Dungeon Crawl Stone Soup version 0.31-a0-18-gea43df2a32 (webtiles) character file.

Game seed: 1628389617106485709

(classic levelgen) 990 Amnesiac the Prestidigitator (level 7, 0/35 HPs)
             Began as a Spriggan Delver on May 13, 2023.
             Slain by a gnoll sergeant
             ... wielding a +1 heavy spear
              (18 damage)
             ... on level 5 of the Dungeon.
             The game lasted 00:12:23 (1854 turns).

Amnesiac the Prestidigitator (Spriggan Delver)      Turns: 1854, Time: 00:12:24

Health: 0/35       AC:  4    Str:  8    XL:     7   Next: 98%
Magic:  8/8        EV: 17    Int: 11    God:
Gold:   117        SH:  4    Dex: 19    Spells: 6/6 levels left

rFire   . . .        f - +0 whip (venom)
rCold   . . .        j - +0 buckler
rNeg    . . .        b - +0 robe
rPois   .            (helmet restricted)
rElec   +            (no cloak)
rCorr   .            (gloves unavailable)
SInv    +            (boots unavailable)
Will    +....        i - amulet of regeneration
Stlth   ++++         (no ring)
HPRegen 1.05/turn    (no ring)
MPRegen 0.11/turn

%: no passive effects
@: very quick
A: very small, no large weapons, unfitting armour, see invisible, speed 3,
iridescent scales 1, electricity resistance
a: no special abilities


You were on level 5 of the Dungeon.
You visited 1 branch of the dungeon, and saw 2 of its levels.
You also visited: Ossuary.

You collected 117 gold pieces.

Inventory:

Hand Weapons
 a - a +0 short sword
 f - a +0 whip of venom (weapon)
Missiles
 l - 6 curare-tipped darts
 p - 2 poisoned darts (quivered)
Armour
 b - a +0 robe (worn)
 j - a +0 buckler (worn)
Magical Staves
 n - a staff of conjuration {!a}
Jewellery
 i - an amulet of regeneration (around neck)
Wands
 g - a wand of digging (3)
 o - a wand of polymorph (8)
Scrolls
 c - 3 scrolls of fog {!r}
 d - 4 scrolls of magic mapping {!r}
 e - 2 scrolls of fear {!r}
 k - a scroll of amnesia {!r}
Potions
 h - a potion of mutation {!q}
 m - 2 potions of curing {!q}


   Skills:
 - Level 2.4 Fighting
 - Level 2.1 Short Blades
 - Level 2.6 Dodging
 - Level 7.2 Stealth
 + Level 11.8 Evocations


You had 6 spell levels left.
You didn't know any spells.
Your spell library was empty.

Dungeon Overview and Level Annotations

Branches:
Dungeon (5/15)            Ossuary (visited)
 Temple: D:4-7

Altars:
Ashenzari
Cheibriados
Hepliaklqana
Kikubaaqudgha
Nemelex Xobeh
Sif Muna
Uskayaw
Wu Jian

Shops:
D:5 (*


Innate Abilities, Weirdness & Mutations

You are very small and have problems with some larger weapons.
You are too small for most types of armour.
You have supernaturally acute eyesight. (SInv)
You cover ground extremely quickly. (Speed+++)
You are partially covered in iridescent scales. (AC +2)
You are resistant to electric shocks. (rElec)


Message History

You kill the gnoll!
The gnoll closely misses you.
You hit the gnoll but do no damage. The gnoll hits you with a +0 flail.
You barely miss the gnoll. The gnoll closely misses you.
You hit the gnoll.
The gnoll is poisoned.
The gnoll is lightly wounded.
You block the gnoll's attack. The gnoll misses you.
You hit the gnoll.
The gnoll looks as sick as possible!
The gnoll is moderately wounded.
The gnoll misses you.
You hit the gnoll but do no damage.
The gnoll looks as sick as possible!
The gnoll is heavily wounded.
You block the gnoll's attack.
You hit the gnoll.
You kill the gnoll!
No target in view!
l - 6 curare-tipped darts You now have 110 gold pieces (gained 13).
You see here a +0 flail.
o - a wand of polymorph (8)
You now have 117 gold pieces (gained 7).
Things that are here:
a +0 halberd; 6 stones
There is an open gate here.
m - 2 potions of curing {!q} (gained 1)
There is an open gate here.
As you open the large door, it creaks loudly!
A gnoll sergeant comes into view. It is wielding a +1 heavy spear.
The gnoll sergeant shouts!
A gnoll sergeant is nearby!
A gnoll sergeant is nearby!
A gnoll sergeant is nearby!
There is a large open door here.
You hit the gnoll sergeant.
The gnoll sergeant is poisoned.
The gnoll sergeant is lightly wounded.
The gnoll sergeant hits you with a +1 heavy spear!
You barely miss the gnoll sergeant.
The gnoll sergeant is lightly wounded.
An iguana comes into view.
The gnoll sergeant hits you with a +1 heavy spear.
You hit the gnoll sergeant but do no damage.
The gnoll sergeant looks as sick as possible!
The gnoll sergeant is moderately wounded.
The gnoll sergeant completely misses you.
You hit the gnoll sergeant.
The gnoll sergeant looks as sick as possible!
The gnoll sergeant is moderately wounded.
The iguana hisses menacingly.
You block the gnoll sergeant's attack.
An iguana is nearby!
You hit the iguana but do no damage. You block the gnoll sergeant's attack.
The iguana misses you.
You closely miss the iguana. The iguana misses you.
The gnoll sergeant hits you from afar with a +1 heavy spear!
The iguana barely misses you. The iguana bites you!
* * * LOW HITPOINT WARNING * * *
The gnoll sergeant misses you. You block the iguana's attack.
You hit the iguana.
The iguana is moderately wounded.
The gnoll sergeant hits you from afar with a +1 heavy spear!!
Ouch! That really hurt!
You die...

...................#..#.......#..
........#....h..#.....####.####..
......#.#.......###.#............
.......##.....#######.####.####..
......##..###.##.##...#.......#.#
...##h.....##.........#.##.##.#..
...##..#h...............#...#....
h.###..#.....##.......###._.###..
..###.##....####@................
#..#.......##..##l.#.............
#..........##.g##g.#.............
##..........#''#..#..............
#.................#....###.......
...............###....#####......
..###...........#....##...'......
h## ##......##...##..##...'.....#
.'. ##.....#.)...#..##...'..†...


You could see a gnoll sergeant (very poisoned) and an iguana.

Vanquished Creatures
  An ogre (D:4)
  A wolf (D:5)
  An elf zombie (Ossuary)
  A gnoll sergeant (D:5)
  A scorpion (D:4)
  3 killer bees (D:5)
  A centaur zombie (Ossuary)
  A jelly (D:5)
  2 orc priests
  7 hounds (D:5)
  An orc wizard (D:4)
  3 mummies
  An adder (D:5)
  6 gnolls
  A shadow imp (D:4)
  2 adder zombies (Ossuary)
  4 orcs
  A ball python (D:4)
  A giant cockroach (D:4)
  2 hobgoblins (D:4)
  A jackal (D:5)
  A kobold (D:4)
  2 goblin zombies (Ossuary)
  12 hobgoblin zombies (Ossuary)
  A jackal zombie (Ossuary)
  7 kobold zombies (Ossuary)
  9 orc zombies
  4 rat zombies (Ossuary)
78 creatures vanquished.

Notes
Turn   | Place    | Note
-------+----------+-------------------------------------------
     0 | D:5      | Amnesiac the Spriggan Delver began the quest for the Orb.
     0 | D:5      | Reached XP level 1. HP: 11/11 MP: 2/2
    50 | D:5      | Found a hide-covered altar of Uskayaw.
    52 | D:5      | Noticed a jelly
    59 | D:5      | Killed a jelly
    60 | D:5      | Reached skill level 3 in Evocations
    60 | D:5      | Reached XP level 2. HP: 16/16 MP: 3/3
    60 | D:5      | Reached XP level 3. HP: 19/19 MP: 4/4
    71 | D:5      | Noticed a killer bee
    80 | D:5      | Noticed a killer bee
    80 | D:5      | Noticed a killer bee
    88 | D:5      | Killed a killer bee
    89 | D:5      | Reached skill level 5 in Evocations
    89 | D:5      | Reached XP level 4. HP: 23/23 MP: 5/5
    97 | D:5      | Reached skill level 6 in Evocations
    97 | D:5      | Reached XP level 5. HP: 22/27 MP: 6/6
   173 | D:5      | Reached skill level 7 in Evocations
   251 | D:5      | Found a broken altar of Ashenzari.
   262 | D:5      | Found a shimmering blue altar of Sif Muna.
   285 | D:4      | Reached XP level 6. HP: 32/32 MP: 7/7
   348 | D:4      | Found a hazy altar of Hepliaklqana.
   360 | D:4      | Found a sparkling altar of Nemelex Xobeh.
   360 | D:4      | Found an ornate altar of the Wu Jian Council.
   360 | D:4      | Found a snail-covered altar of Cheibriados.
   401 | D:4      | Reached skill level 8 in Evocations
   590 | D:4      | Reached skill level 9 in Evocations
   695 | D:4      | Found a sand-covered staircase.
   700 | Ossuary  | Entered an ossuary
   953 | Ossuary  | Reached XP level 7. HP: 35/35 MP: 8/8
  1043 | Ossuary  | Gained mutation: You are resistant to electric shocks.
                  | (rElec) [potion of mutation]
  1043 | Ossuary  | Gained mutation: You are partially covered in iridescent
                  | scales. (AC +2) [potion of mutation]
  1151 | Ossuary  | Reached skill level 10 in Evocations
  1372 | D:5      | Found an ancient bone altar of Kikubaaqudgha.
  1491 | D:5      | Reached skill level 11 in Evocations
  1496 | D:5      | Found Ceihyaqe's General Store.
  1854 | D:5      | Slain by a gnoll sergeant

Illustrated notes

Levels and vault maps discovered:
D:4:      layout_cave_pools, elyvilon_altar_3, mainiacjoe_overflow_paths,
          gammafunk_temple_overflow_claw, nicolae_ossuary_entry_giza,
          uniq_sigmund
D:5:      layout_cave_pools, lemuel_crystal_altar,
          mainiacjoe_overflow_large_starburst,
          mainiacjoe_overflow_small_starburst, serial_gnoll_camp,
          gnoll_camp_mini_loothouse, gnoll_camp_mini_doghouse,
          gnoll_camp_mini_doghouse, gnoll_camp_mini_hut, gnoll_camp_mini_hut,
          gnoll_camp_mini_hut, serial_shops, shop,
          nicolae_shop_bloodbath_and_beyond, shop

Skill      XL: |  1  2  3  4  5  6  7 |
---------------+----------------------+-----
Evocations     | 3 5 6 7 9 11 | 11.8
Fighting       | |  2.4
Short Blades   | |  2.1
Dodging        | |  2.6
Stealth        | |  7.2

Action                     |  1- 3 |  4- 6 |  7- 9 || total
---------------------------+-------+-------+-------++-------
  Melee: Short sword       |     1 |   156 |   102 ||   259
         Whip              |       |       |    88 ||    88
  Throw: Dart              |       |     4 |     4 ||     8
  Evoke: Wand              |     2 |     7 |     2 ||    11
    Use: Potion            |       |       |     5 ||     5
         Scroll            |       |       |     2 ||     2
   Stab: Sleeping          |     1 |    11 |     5 ||    17
 Armour: Robe              |       |    16 |    34 ||    50
  Dodge: Dodged            |     1 |   107 |   162 ||   270
  Block: Buckler           |       |    28 |    45 ||    73

Table legend: (Time is in decaauts)
 A = Elapsed time spent in this place.
 B = Non-inter-level travel time spent in this place.
 C = Inter-level travel time spent in this place.
 D = Time resting spent in this place.
 E = Time spent auto-exploring this place.
 F = Levels seen in this place.
 G = Mean time per level.
                   A        B        C        D        E       F      G
               +--------+--------+--------+--------+--------+-----+--------+
         Total |   1405 |   1405 |      0 |    293 |    132 |   3 |  468.3 |
       Dungeon |    943 |    943 |      0 |    133 |    104 |   2 |  471.5 |
       Ossuary |    462 |    462 |      0 |    160 |     28 |   1 |  462.0 |
               +--------+--------+--------+--------+--------+-----+--------+

Top non-repeatable levels by time:
     D:5: 596 daAuts
 Ossuary: 462 daAuts
     D:4: 346 daAuts
